 Dungeon Crawl Stone Soup version 0.28.0-43-g3370ac3207 (webtiles) character file.

Game seed: 2200218592514234081

1460 TheDeanity the Chucker (level 8, -6/78 (80) HPs)
             Began as a Troll Fighter on Mar 17, 2022.
             Was a Follower of Yredelemnul.
             Mangled by a wight
             ... wielding a +4 great sword
              (10 damage)
             ... on level 6 of the Dungeon on Mar 18, 2022.
             The game lasted 00:12:48 (3920 turns).

TheDeanity the Chucker (Troll Fighter)              Turns: 3920, Time: 00:12:49

HP:   -6/78 (80)    AC:  4    Str: 27    XL:     8   Next: 48%
MP:   7/7           EV:  8    Int:  4    God:    Yredelemnul [*.....]
Gold: 254           SH:  7    Dex:  9    Spells: 7/7 levels left

rFire   . . .      SeeInvis .   (no weapon)
rCold   . . .      Faith    .   c - +0 kite shield
rNeg    . . .      Spirit   .   b - +0 robe
rPois   +          Reflect  .   (helmet restricted)
rElec   .          Harm     .   (no cloak)
rCorr   .          Rampage  .   (gloves unavailable)
Will    .....                   (boots unavailable)
Stlth   +.........              (no amulet)
HPRegen 1.03/turn               t - +4 ring of slaying
MPRegen 0.10/turn               i - ring of poison resistance

@: lightly drained
A: large, unfitting armour, claws 3, regeneration 1, shaggy fur 1, tough skin 1
a: Renounce Religion, Recall Undead Harvest


You were on level 6 of the Dungeon.
You worshipped Yredelemnul.
Yredelemnul was noncommittal.
You visited 2 branches of the dungeon, and saw 7 of its levels.

You collected 254 gold pieces.

Inventory:

Hand Weapons
 a - a +0 flail
Missiles
 f - 120 stones
 k - 6 boomerangs (quivered)
 l - 25 poisoned darts
 v - 4 javelins
Armour
 b - a +0 robe (worn)
 c - a +0 kite shield (worn)
Jewellery
 i - a ring of poison resistance (right claw)
 p - a +6 ring of dexterity
 t - a +4 ring of slaying (left claw)
Wands
 r - a wand of flame (15)
 w - a wand of mindburst (17)
Scrolls
 h - a scroll of fear
 j - 2 scrolls of teleportation
 m - 2 scrolls of fog
 n - a scroll of vulnerability {unknown}
 o - 2 scrolls of amnesia {unknown}
 s - 2 scrolls of enchant weapon {unknown}
 u - a scroll of blinking {unknown}
 x - a scroll of silence {unknown}
Potions
 d - 2 potions of might
 e - a potion of resistance {unknown}
 g - 2 potions of curing
 q - a potion of invisibility {unknown}


   Skills:
 + Level 5.0 Fighting
 + Level 5.2 Maces & Flails
 * Level 6.5 Throwing
 - Level 2.4 Dodging
 - Level 2.4 Shields


You had 7 spell levels left.
You didn't know any spells.
Your spell library contained the following spells:

 Spells                   Type           Power      Damage    Failure   Level
 Freeze                   Ice            0%         1d3       80%         1
 Ensorcelled Hibernation  Hex/Ice        0%         N/A       91%         2
 Frozen Ramparts          Ice            0%         1d2       99%         3
 Portal Projectile        Hex/Tloc       0%         N/A       99%         3
 Spider Form              Tmut/Pois      0%         N/A       99%         3
 Anguish                  Hex/Necr       0%         N/A       100%        4
 Hailstorm                Conj/Ice       0%         3d3       100%        4
 Ice Form                 Ice/Tmut       0%         N/A       100%        4
 Blade Hands              Tmut           0%         N/A       100%        5
 Excruciating Wounds      Necr           0%         N/A       100%        5
 Simulacrum               Ice/Necr       0%         N/A       100%        6


Dungeon Overview and Level Annotations

Branches:
Dungeon (6/15)             Temple (1/1) D:5

Altars:
Ashenzari
Cheibriados
Dithmenos
Fedhas
Hepliaklqana
Nemelex Xobeh
Qazlal
Trog
Uskayaw
Xom
Yredelemnul
Zin
The Shining One

Shops:
D:1 :   D:2 [


Innate Abilities, Weirdness & Mutations

You are too large for most types of armour.
You have claws for hands.
Your natural rate of healing is unusually fast.
You are covered in fur. (AC +1)
You have tough skin. (AC +1)


Message History

The wight hits you with a +4 great sword!!
* * * LOW HITPOINT WARNING * * *
Your necrophage zombie hits the hound.
The hound barely misses your necrophage zombie.
The hound barely misses your necrophage zombie.
Your necrophage zombie misses the wight.
Your gnoll zombie hits the wight but does no damage.
Your gnoll sergeant zombie hits the wight but does no damage.
Things that are here:
a +0 mace; a +0 robe The hound bites your necrophage zombie.
Your necrophage zombie closely misses the wight.
Your gnoll sergeant zombie hits the wight but does no damage.
Your gnoll zombie hits the wight but does no damage.
The hound barely misses your necrophage zombie.
You barely miss the wight. The hound bites your necrophage zombie.
You block the wight's attack.
Your gnoll sergeant zombie closely misses the wight.
Your necrophage zombie hits the hound.
Your gnoll zombie barely misses the wight.
You scratch the wight.
The wight is moderately damaged.
The hound bites your necrophage zombie. The wight barely misses you.
The hound closely misses your necrophage zombie.
The wight hits your gnoll sergeant zombie with a +0 long sword!
Your necrophage zombie hits the hound.
Your gnoll sergeant zombie hits the wight.
You claw the wight!
The wight is almost destroyed.
The hound bites your necrophage zombie.
The wight hits you with a +4 great sword!
* * * LOW HITPOINT WARNING * * *
Your gnoll zombie closely misses the wight.
The hound bites your necrophage zombie.
The wight hits your gnoll sergeant zombie with a +0 long sword!
Your gnoll sergeant zombie is destroyed!
A wight comes into view. It is wielding a +4 long sword.
The wight hits you with a +4 great sword!
You die...
Your body rises from the dead as a mindless zombie.

..........?.....
................
z............... ###
................ #.)
................ #.#
.......h........ #.#
.....zZ.Z..........# #.#
.......z...........###.#
.......@................
....###)###........###.#
... #≈≈.§≈#.......##...)
.. #§.#.≈#.......##.#.#
. +.###.+.......##Z#.#
#§)#§§#....#..##.#.#
#§≈Z≈≈#......>.....#
###'###.Z........###
#..##.###########


You could see a hound (ally target), 3 wights, a friendly gnoll zombie and a
friendly necrophage zombie.

Vanquished Creatures
  3 black bears
  An ogre (D:5)
  A necrophage (D:6)
  A phantom (D:6)
  A kobold brigand (D:5)
  A gnoll sergeant (D:6)
  2 scorpions
  A water moccasin skeleton (D:6)
  A wight (D:6)
  4 hounds
  A bullfrog skeleton (D:5)
  A scorpion zombie (D:5)
  2 orc wizards (D:5)
  A hound zombie (D:5)
  9 adders
  5 gnolls (D:6)
  A shadow imp (D:5)
  A white imp (D:4)
  An ufetubus (D:5)
  2 adder skeletons (D:5)
  3 worms
  3 dart slugs
  13 orcs
  6 ball pythons
  7 bats
  4 endoplasms
  3 giant cockroaches
  4 goblins
  8 hobgoblins
  2 jackals (D:2)
  5 quokkas
  5 frilled lizards
  15 kobolds
  9 rats (D:1)
127 creatures vanquished.

Vanquished Creatures (collateral kills)
  A wight (D:6)
  An iguana (D:5)
  An orc wizard (D:6)
3 creatures vanquished.

Vanquished Creatures (others)
  3 gnoll zombies (D:6)
  An orc zombie (D:5)
  3 fungi (D:1)
7 creatures vanquished.

Grand Total: 137 creatures vanquished

Notes
Turn   | Place    | Note
-------+----------+-------------------------------------------
     0 | D:1      | TheDeanity the Troll Fighter began the quest for the Orb.
     0 | D:1      | Reached XP level 1. HP: 22/22 MP: 0/0
   101 | D:1      | Found a faded altar of an unknown god.
   126 | D:1      | Reached XP level 2. HP: 29/29 MP: 1/1
   140 | D:1      | Found Lorph's Book Emporium.
   296 | D:1      | Reached XP level 3. HP: 36/36 MP: 2/2
   403 | D:1      | Reached skill level 1 in Throwing
   894 | D:2      | Found Biemidgh's Antique Armour Emporium.
  1059 | D:2      | Reached XP level 4. HP: 32/45 MP: 3/3
  1406 | D:3      | Reached skill level 2 in Throwing
  1643 | D:3      | Noticed a scorpion
  1654 | D:3      | Killed a scorpion
  1655 | D:3      | Reached XP level 5. HP: 41/53 MP: 4/4
  2011 | D:4      | Reached skill level 3 in Throwing
  2233 | D:4      | Reached XP level 6. HP: 61/61 MP: 5/5
  2746 | D:5      | Entered Level 5 of the Dungeon
  2761 | D:5      | Found a staircase to the Ecumenical Temple.
  2775 | D:5      | Reached skill level 4 in Throwing
  2788 | Temple   | Entered the Ecumenical Temple
  2869 | Temple   | Became a worshipper of Yredelemnul the Dark
  2922 | D:5      | Reached XP level 7. HP: 60/68 MP: 6/6
  3247 | D:5      | Reached skill level 5 in Throwing
  3326 | D:5      | Found a hide-covered altar of Uskayaw.
  3326 | D:5      | Found a stormy altar of Qazlal.
  3326 | D:5      | Found a shimmering altar of Xom.
  3367 | D:5      | Reached * piety under Yredelemnul
  3796 | D:6      | Reached XP level 8. HP: 74/79 MP: 7/7
  3897 | D:6      | Reached skill level 5 in Maces & Flails
  3897 | D:6      | Reached skill level 6 in Throwing
  3906 | D:6      | Reached skill level 5 in Fighting
  3920 | D:6      | Mangled by a wight

Illustrated notes

Levels and vault maps discovered:
D:1:      minmay_arrival_doors, layout_basic, serial_shops,
          nicolae_shop_waterfront, shapermc_ecumenical_altar_mp_urbaneastern,
          minmay_misc_feat_cross, hangedman_abyss_or_decor_lesser_grid,
          minmay_rat_gold_closets
D:2:      layout_rooms, serial_shops, shop_statue
D:3:      layout_basic
D:4:      layout_basic, grunt_ministairs_2
D:5:      layout_basic, gammafunk_temple_overflow_forgotten,
          minmay_temple_entry_large_hall, kennysheep_generic_room_15
D:6:      layout_basic, chequers_temple_overflow_minitemple,
          kennysheep_generic_room_13
Temple:   zaba_magenta_temple

Skill      XL: |  1  2  3  4  5  6  7  8 |
---------------+-------------------------+-----
Maces & Flails | 2 3 4 5 |  5.2
Throwing       | 1 2 3 4 5 6 |  6.5
Fighting       | 3 4 5 |  5.0
Dodging        | |  2.4
Shields        | |  2.4

Action                   |  1- 3 |  4- 6 |  7- 9 || total
-------------------------+-------+-------+-------++-------
Melee: Unarmed           |   107 |   130 |   123 ||   360
Throw: Stone             |    36 |   106 |    44 ||   186
       Boomerang         |       |     4 |     3 ||     7
       Javelin           |       |       |     1 ||     1
Invok: Recall Undead Har |       |       |     2 ||     2
  Use: Scroll            |       |     4 |       ||     4
 Stab: Sleeping          |     2 |       |       ||     2
Armor: Robe              |    50 |    37 |    25 ||   112
Dodge: Dodged            |    47 |    56 |    43 ||   146
Block: Kite shield       |    41 |    51 |    38 ||   130
